 Dungeon Crawl Stone Soup version 0.23.2-30-g0e89c35649 (webtiles) character file.

Game seed: 15153817332440105099

86 Cykl0x the Shield-Bearer (level 4, -2/37 HPs)
             Began as a Formicid Fighter on June 17, 2019.
             Killed by nerve-wracking pain
             ... invoked by Jessica
              (12 damage)
             ... on level 2 of the Dungeon.
             The game lasted 00:03:48 (1198 turns).

Cykl0x the Shield-Bearer (Formicid Fighter)         Turns: 1198, Time: 00:03:49

Health: -2/37      AC:  7    Str: 22    XL:     4   Next: 78%
Magic:  4/4        EV:  8    Int:  7    God:
Gold:   47         SH:  9    Dex: 10    Spells: 3/3 levels left

rFire    + . .     SeeInvis +   a - +0 long sword
rCold    + . .     Gourm    .   c - +0 shield
rNeg     . . .     Faith    .   b - +0 scale mail
rPois    .         Spirit   .   (helmet unavailable)
rElec    .         Reflect  .   n - scarf {rC+ rF+}
rCorr    .         Harm     .   (no gloves)
MR       .....                  (no boots)
Stlth    ..........             (no amulet)
HPRegen  0.12/turn              (no ring)
MPRegen  0.09/turn              (no ring)

@: no status effects
A: permanent stasis, dig shafts and tunnels, four strong arms, antennae 3
a: Dig, Shaft Self


You were on level 2 of the Dungeon.
You were not hungry.

You visited 1 branch of the dungeon, and saw 2 of its levels.

You collected 47 gold pieces.

Inventory:

Hand Weapons
 a - a +0 long sword (weapon)
Missiles
 e - 17 stones (quivered)
Armour
 b - a +0 scale mail (worn)
 c - a +0 shield (worn)
 n - a scarf of resistance (worn)
Scrolls
 g - a scroll of fear {unknown}
 j - a scroll of immolation {unknown}
 l - a scroll of identify {unknown}
Potions
 d - a potion of might
 h - a potion of resistance {unknown}
 i - a potion of mutation {unknown}
 k - 2 potions of brilliance {unknown}
 m - a potion of lignification {unknown}
 p - a potion of heal wounds {unknown}
Comestibles
 f - 4 rations
 o - 8 chunks of flesh


   Skills:
 + Level 3.8 Fighting
 + Level 2.3 Long Blades
 + Level 1.1 Throwing
 + Level 4.1 Armour
 + Level 0.1 Dodging
 + Level 4.4 Shields


You had 3 spell levels left.
You didn't know any spells.
Your spell library was empty.

Dungeon Overview and Level Annotations

Branches:
Dungeon (2/15)

Altars:

Annotations:
D:2 Jessica


Innate Abilities, Weirdness & Mutations

You cannot be hasted, slowed, berserked, paralysed or teleported.
You can dig through walls and to a lower floor.
Your four strong arms can wield two-handed weapons with a shield.
You have a pair of large antennae on your head. (SInv)


Message History

The adder is almost dead.
The adder bites you. The adder misses you.
Jessica mumbles some strange words.
Jessica blinks!
You hit the adder.
You kill the adder!
You hit the kobold.
The kobold is severely wounded.
You block the kobold's attack. x2
You hit the kobold.
You kill the kobold!
You swing at nothing.
Jessica points at you and mumbles some strange words.
Pain shoots through your body!
* * * LOW HITPOINT WARNING * * *
You extend your mandibles.
You dig through the rock wall.
Jessica gestures at you while chanting. Pain shoots through your body!
You die...

...........(......##.#
..........(..(.......#
.####.....[..........#
..................(..#
.....##...........(#.#
..........@...>.....
.....###$...........
.... ##.#...........
### #@##..........
############


You could see Jessica.

Vanquished Creatures
  An orc wizard (D:2)
  An adder (D:2)
  A worm (D:2)
  2 leopard geckos (D:1)
  2 orcs (D:2)
  2 giant cockroaches (D:1)
  5 goblins
  3 hobgoblins
  13 kobolds
  3 bats
  4 frilled lizards
  5 rats
42 creatures vanquished.

Notes
Turn   | Place    | Note
-------+----------+-------------------------------------------
     0 | D:1      | Cykl0x the Formicid Fighter began the quest for the Orb.
     0 | D:1      | Reached XP level 1. HP: 18/18 MP: 1/1
    85 | D:1      | Reached XP level 2. HP: 20/24 MP: 2/2
   489 | D:1      | Reached XP level 3. HP: 27/29 MP: 3/3
  1147 | D:2      | Reached skill level 1 in Throwing
  1147 | D:2      | Reached XP level 4. HP: 14/37 MP: 4/4
  1192 | D:2      | Noticed Jessica
  1198 | D:2      | Killed from afar by Jessica

Skill      XL: |  1  2  3 |
---------------+----------+-----
Shields        | 4 |  4.4
Throwing       | 1 |  1.1
Armour         | 4 |  4.1
Fighting       | |  3.8
Long Blades    | |  2.3
Dodging        | |  0.1

Action                   |  1- 3 |  4- 6 || total
-------------------------+-------+-------++-------
Melee: Long sword        |   112 |    16 ||   128
Throw: Stone             |    39 |     4 ||    43
 Abil: Dig               |     1 |     1 ||     2
  Use: Scroll            |     2 |       ||     2
  Eat: Chunk             |     1 |       ||     1
Armor: Scale mail        |    33 |     1 ||    34
Dodge: Dodged            |    38 |     7 ||    45
Block: Shield            |    61 |     9 ||    70
       Rpst.: Long sword |    14 |     3 ||    17
